 Dungeon Crawl Stone Soup version 0.29-a0-356-g7bc237e783 (webtiles) character file.

Game seed: 11819057725581398237

32 chopper the Covered (level 3, -2/32 (33) HPs)
             Began as a Minotaur Fighter on Apr 26, 2022.
             Slain by Crazy Yiuf
             ... wielding a +3 quarterstaff of chaos
              (8 damage)
             ... on level 2 of the Dungeon.
             The game lasted 00:04:56 (1041 turns).

chopper the Covered (Minotaur Fighter)              Turns: 1041, Time: 00:04:57

HP:   -2/32 (33)    AC:  9    Str: 20    XL:     3   Next: 10%
MP:   2/2           EV:  3    Int:  5    God:
Gold: 103           SH:  0    Dex: 11    Spells: 2/2 levels left

rFire   . . .      SeeInvis .   a - +0 war axe
rCold   . . .      Faith    .   l - +0 tower shield
rNeg    . . .      Spirit   .   p - +0 chain mail
rPois   .          Reflect  .   (helmet restricted)
rElec   .          Harm     .   (no cloak)
rCorr   .          Rampage  .   (no gloves)
Will    .....                   (no boots)
Stlth   ..........              (no amulet)
HPRegen 0.10/turn               (no ring)
MPRegen 0.08/turn               (no ring)

@: confused, lethally poisoned (-2 -> -12), lightly drained, invisible
A: horns 2, retaliatory headbutt
a: no special abilities


You were on level 2 of the Dungeon.
You visited 1 branch of the dungeon, and saw 2 of its levels.

You collected 103 gold pieces.

Inventory:

Hand Weapons
 a - a +0 war axe (weapon)
 b - the +3 mace "Keloz" {vorpal, rF- rC++ Will+ Dex+3}
   (You found it on level 2 of the Dungeon)

   It inflicts extra damage upon your enemies.
   Dex:       It affects your dexterity (+3).
   rF:        It makes you vulnerable to fire.
   rC:        It greatly protects you from cold.
   Will:      It increases your willpower.
 j - a +1 dagger of venom
Armour
 c - a +0 buckler
 l - a +0 tower shield (worn)
 p - a +0 chain mail (worn)
Scrolls
 f - a scroll of summoning {unknown}
 h - 4 scrolls of identify {unknown}
 o - a scroll of amnesia {unknown}
Potions
 d - a potion of might
 e - a potion of attraction {unknown}
 g - a potion of brilliance {unknown}
 i - a potion of mutation {unknown}
 k - 2 potions of cancellation {unknown}
 m - a potion of haste {unknown}
 n - a potion of heal wounds {unknown}


   Skills:
 + Level 3.8 Fighting
 + Level 2.7 Axes
 + Level 4.5 Armour
 + Level 4.0 Shields


You had 2 spell levels left.
You didn't know any spells.
Your spell library contained the following spells:

 Spells                   Type           Power      Damage    Failure   Level
 Ensorcelled Hibernation  Hex/Ice        0%         N/A       100%        2
 Spider Form              Tmut/Pois      0%         N/A       100%        3
 Anguish                  Hex/Necr       0%         N/A       100%        4


Dungeon Overview and Level Annotations

Branches:
Dungeon (2/15)

Altars:
Gozag

Shops:
D:1 !

Annotations:
D:2 Crazy Yiuf


Innate Abilities, Weirdness & Mutations

You have a pair of horns on your head.
You reflexively headbutt those who attack you in melee.


Message History

Found a mace.
You see here the +3 mace "Keloz" {vorpal, rF- rC++ Will+ Dex+3}.
b - the +3 mace "Keloz" {vorpal, rF- rC++ Will+ Dex+3}
Found seven maces.
Found a runed translucent door.
You see here a +0 mace.
Found a mace.
You see here a +0 mace.
You see here a +0 mace.
Found three maces.
You see here a +0 mace.
You open the door. You hit Crazy Yiuf. You headbutt Crazy Yiuf.
Crazy Yiuf is heavily wounded.
Crazy Yiuf hits you with a +3 quarterstaff of chaos.
You feel drained.
Crazy Yiuf twirls on the spot.
Crazy Yiuf barely misses you.
You hit Crazy Yiuf. Your headbutt misses Crazy Yiuf.
Crazy Yiuf is severely wounded.
Crazy Yiuf hits you but does no damage.
You fade into invisibility!
You barely miss Crazy Yiuf. Your headbutt misses Crazy Yiuf.
Crazy Yiuf is severely wounded.
Crazy Yiuf drinks a potion.
Crazy Yiuf is healed!
Crazy Yiuf hits you with a +3 quarterstaff of chaos!
You barely miss Crazy Yiuf.
Crazy Yiuf is moderately wounded.
Crazy Yiuf says, "Race pizzabubble ragdoll!"
Crazy Yiuf hits you with a +3 quarterstaff of chaos.
You are confused.
Crazy Yiuf hits you with a +3 quarterstaff of chaos.
You bump into the tree.
Crazy Yiuf hits you with a +3 quarterstaff of chaos.
You are lethally poisoned!
You closely miss Crazy Yiuf. Your headbutt misses Crazy Yiuf.
Crazy Yiuf is moderately wounded.
* * * LOW HITPOINT WARNING * * *
You feel very sick.
Crazy Yiuf hits you with a +3 quarterstaff of chaos!
You die...

#.............
#.###########. #.# ##.
### ##.. #######.#.
#....#.##. ####♣♣ ###
###....... ##....♣♣
♣♣#)))# ###.......
#......♣♣♣♣@g)).#
#....##>#.
#.......♣))♣#)))#
###..###..
###.#...)♣)♣♣♣ ###
###.......
#....##♣♣♣♣♣
#......... #.####
#.....#### #.#
#############.###.####
#[# #.##..........#
#..... #.#
#.##.###.####.###>####
#.#
#..........##.....#


You could see Crazy Yiuf (can't see you).

Vanquished Creatures
  An adder (D:2)
  4 ball pythons (D:1)
  4 endoplasms
  2 giant cockroaches
  A goblin (D:1)
  A hobgoblin (D:1)
  A kobold (D:1)
  3 bats
  2 frilled lizards (D:1)
  4 rats
23 creatures vanquished.

Notes
Turn   | Place    | Note
-------+----------+-------------------------------------------
     0 | D:1      | chopper the Minotaur Fighter began the quest for the Orb.
     0 | D:1      | Reached XP level 1. HP: 19/19 MP: 0/0
   144 | D:1      | Reached XP level 2. HP: 22/27 MP: 1/1
   229 | D:1      | Found Rotuqiug's Distillery.
   503 | D:2      | Found an opulent altar of Gozag.
   667 | D:2      | Reached XP level 3. HP: 30/33 MP: 2/2
  1029 | D:2      | Identified the +3 mace "Keloz" {vorpal, rF- rC++ Will+
                  | Dex+3}
  1031 | D:2      | Found a runed translucent door.
  1032 | D:2      | Noticed Crazy Yiuf
  1041 | D:2      | Slain by Crazy Yiuf

Illustrated notes

Levels and vault maps discovered:
D:1:      erik_arrival_blinker_ship, layout_rooms, serial_shops, shop_fountains,
          eino_curves_01
D:2:      mumra_celtic_spiral_tile, layout_loops_ring, basic_altar,
          grunt_decor_fettered, uniq_crazy_yiuf_cottage

Skill      XL: |  1  2  3 |
---------------+----------+-----
Armour         | 4 |  4.5
Shields        | 4 |  4.0
Fighting       | |  3.8
Axes           | |  2.7

Action                   || total
-------------------------++-------
Melee: War axe           ||    40
       Headbutt          ||     3
Armor: Scale mail        ||    25
       Chain mail        ||     1
Dodge: Dodged            ||    28
Block: Buckler           ||     9
       Tower shield      ||     2

Table legend: (Time is in decaauts)
 A = Elapsed time spent in this place.
 B = Non-inter-level travel time spent in this place.
 C = Inter-level travel time spent in this place.
 D = Time resting spent in this place.
 E = Time spent auto-exploring this place.
 F = Levels seen in this place.
 G = Mean time per level.
                   A        B        C        D        E       F      G
               +--------+--------+--------+--------+--------+-----+--------+
         Total |   1060 |   1060 |      0 |      0 |      0 |   2 |  530.0 |
       Dungeon |   1060 |   1060 |      0 |      0 |      0 |   2 |  530.0 |
               +--------+--------+--------+--------+--------+-----+--------+

Top non-repeatable levels by time:
     D:2: 578 daAuts
     D:1: 481 daAuts
